 Dungeon Crawl Stone Soup version 0.14-a0-30-gf0b6e91 (webtiles) character file.

267 Sachiko the Ruffian (level 5, -1/50 HPs)
             Began as a Troll Monk on Sept 27, 2013.
             Slain by an ogre
             ... wielding a cursed -3,+0 giant spiked club
              (28 damage)
             ... on Level 4 of the Dungeon.
             The game lasted 00:07:26 (2070 turns).

Sachiko the Ruffian (Troll Monk)                    Turns: 2070, Time: 00:07:26

HP  -1/50        AC  6     Str 16 (19) XL: 5   Next: 10%
MP  10/10        EV 11     Int  7      God:
Gold 117         SH  0     Dex 12      Spells:  0 memorised,  4 levels left

Res.Fire  : . . .   See Invis. : .     - Unarmed
Res.Cold  : . . .   Warding    : .   p - +1 elf robe {Archmagi}
Life Prot.: . . .   Conserve   : .   (shield restricted)
Res.Poison: .       Res.Corr.  : .   (helmet restricted)
Res.Elec. : .       Clarity    : .   (no cloak)
Sust.Abil.: . .     Spirit.Shd : .   (gloves unavailable)
Res.Mut.  : .       Stasis     : .   (boots unavailable)
Res.Rott. : .       Flight     : .   (no amulet)
Gourmand  : +                        (no ring)
                                     n - ring of magical power

@: slightly resistant to hostile enchantments, unstealthy
A: unfitting armour, claws 3, fast metabolism 3, gourmand, regeneration 2,
saprovore 2, tough skin 2, AC +1
a: no special abilities


You were on level 4 of the Dungeon.
You were completely stuffed.

You visited 1 branch of the dungeon, and saw 4 of its levels.

You collected 117 gold pieces.

Inventory:

Armour
 a - a +1 robe
 p - a +1 elven robe of the Archmagi (worn)
Comestibles
 b - 2 meat rations
 c - 2 bread rations
 f - a royal jelly
 l - a chunk of ball python flesh
 m - a chunk of goblin flesh
Scrolls
 d - 3 scrolls of teleportation
 g - a scroll of random uselessness
 h - a scroll of magic mapping
 i - 3 scrolls of identify
 q - a scroll of blinking {unknown}
Jewellery
 n - a ring of magical power (left claw)
Potions
 e - a potion of might
 j - a potion of mutation {unknown}
 k - 2 potions of curing
 o - 2 potions of heal wounds


   Skills:
 + Level 2.9 Fighting
 + Level 3.2 Dodging
 - Level 1.1 Stealth
 * Level 5.5 Unarmed Combat


You had 4 spell levels left.
You didn't know any spells.

Dungeon Overview and Level Annotations

Branches:
Dungeon (4/27)
 Temple: D:4-7

Altars:


Innate Abilities, Weirdness & Mutations

You are too large for most types of armour.
You have claws for hands.
Your metabolism is lightning-fast.
You like to eat raw meat.
You heal very quickly.
You can eat rotten meat.
You are covered in fur (AC +1).
You have very tough skin (AC +2).


Message History

Okay, then.
You aren't carrying any items that can be evoked.
You hit the ogre but do no damage. You claw the ogre!
The ogre begins to bleed from its wounds!
The ogre is heavily wounded.
The ogre hits you with a giant spiked club!
You barely miss the ogre.
The ogre is heavily wounded.
The ogre hits you with a giant spiked club!
You hit the ogre. Your punch misses the ogre.
The ogre is severely wounded.
You hit the ogre.
The ogre is almost dead.
The ogre barely misses you.
You barely miss the ogre.
The ogre is almost dead.
The ogre hits you with a giant spiked club!
Ouch! That really hurt!
You die...

+### ......# #.#
#......# #.# #......#
#.# #......# #.#
#......# #.# #......# #
#.# #......###.#####
#.# #..(.@O.........
#.# #$..............
###.#######'##.........
#...........##........
#.#.######..##........
#.#......#..##.?......
#.######.#..#####+###
#.##........#
#.##........#


You could see an ogre (bleeding).

Vanquished Creatures
  Ijyb (D:3)
  Jessica (D:3)
  4 adders (D:2)
  A worm (D:3)
  An ooze (D:4)
  7 orcs (D:3)
  6 giant cockroaches
  7 goblins
  5 hobgoblins
  7 jackals
  6 kobolds
  4 ball pythons
  7 bats
  A giant gecko skeleton (D:4)
  4 giant newts (D:3)
  5 rats
67 creatures vanquished.

Notes
Turn   | Place    | Note
--------------------------------------------------------------
     0 | D:1      | Sachiko, the Troll Monk, began the quest for the Orb.
     0 | D:1      | Reached XP level 1. HP: 20/20 MP: 0/0
   262 | D:1      | Reached XP level 2. HP: 26/28 MP: 0/0
   689 | D:2      | Reached XP level 3. HP: 32/35 MP: 1/1
  1062 | D:2      | Reached skill level 5 in Unarmed Combat
  1241 | D:3      | Reached XP level 4. HP: 42/44 MP: 1/1
  1256 | D:3      | Noticed Jessica
  1260 | D:3      | Killed Jessica
  1383 | D:3      | Noticed Ijyb
  1388 | D:3      | Killed Ijyb
  1743 | D:3      | Reached XP level 5. HP: 47/50 MP: 1/1
  2056 | D:4      | Noticed an ogre
  2070 | D:4      | Slain by an ogre

Action                   |  1- 3 |  4- 6 || total
-------------------------+-------+-------++-------
Melee: Unarmed           |    95 |    89 ||   184
  Use: Scroll            |    11 |     3 ||    14
       Potion            |     4 |     1 ||     5
 Stab: Sleeping          |     1 |     1 ||     2
